Map: Orbital Shipyard

Players

DarkGoliath

  • Race: Protoss Protoss
  • League: Platinum

LilDicky - Winner!

  • Race: Terran Terran
  • League: Diamond

VOD

http://www.twitch.tv/tumescentpie

Description

Time

  • Played on: Nov. 24, 2015, 8:37 p.m.
  • Length: 4:45
Show
View Real Time Build Order
Export as new Build Order

DarkGoliath Protoss 

Build Orders:  

Get SALT Encoding   

  12  0:01  Probe (Chrono Boost)  
  13  0:12  Probe (Chrono Boost)  
  14  0:20  Pylon  
  14  0:22  Probe (Chrono Boost)  
  15  0:38  Probe (Chrono Boost)  
  15  0:40  Gateway  
  16  0:49  Probe (Chrono Boost)  
  17  0:59  Gateway, Probe (Chrono Boost)  
  18  1:04  Assimilator  
  18  1:18  Probe (Chrono Boost)  
  19  1:27  Cybernetics Core  
  19  1:28  Probe (Chrono Boost)  
  19  1:29  Zealot (Chrono Boost)  
  22  1:40  Probe  
  22  1:42  Assimilator  
  23  1:57  Pylon  
  23  2:06  Pylon  
  23  2:08  Warp Gate (Chrono Boost)  
  23  2:15  Probe, Zealot  
  26  2:16  Zealot  
  28  2:27  Probe  
  29  2:31  Twilight Council  
  29  2:45  Gateway  
  29  2:53  Robotics Facility  
  29  3:04  Pylon  
  23  3:40  Observer (Chrono Boost)  
  21  4:15  Observer (Chrono Boost)  
  17  4:18  Stalker x2  
  17  4:19  Stalker  
Show
View Real Time Build Order
Export as new Build Order

LilDicky Terran - Winner!

Build Orders:  

Get SALT Encoding   

  12  0:01  SCV  
  13  0:13  SCV  
  14  0:18  Supply Depot  
  14  0:26  SCV  
  15  0:37  Refinery  
  15  0:39  SCV  
  16  0:45  Barracks  
  16  0:51  SCV  
  17  1:03  SCV  
  18  1:16  SCV  
  19  1:28  SCV  
  20  1:32  Supply Depot  
  20  1:37  Marine  
  21  1:40  Orbital Command  
  21  1:45  Factory  
  21  1:55  Marine  
  21  1:58  Barracks  
  22  2:03  Barracks  
  22  2:06  SCV  
  23  2:13  Barracks Reactor  
  23  2:20  SCV  
  24  2:32  SCV  
  25  2:39  Refinery  
  25  2:40  Supply Depot  
  25  2:48  Barracks Tech Lab  
  25  2:49  Barracks Tech Lab  
  25  2:50  Widow Mine  
  26  2:55  SCV  
  26  2:57  Marine x2  
  29  3:07  Marine x2  
  29  3:08  SCV  
  32  3:13  Supply Depot  
  32  3:19  Widow Mine  
  34  3:32  SCV  
  34  3:34  Marine x4  
  35  3:37  Supply Depot  
  39  3:56  Marine  
  39  4:02  SCV  
  41  4:04  Engineering Bay  
  41  4:17  Hellion  
  41  4:26  Marine x2  
  41  4:27  Marine  
  45  4:31  SCV, Missile Turret  
  45  4:37  Starport  
Tags
 
Add a new tag
Caveats
  • Supply blocks, unpowered buildings, or Contaminate may cause inaccurate times.
  • Supply counts are checked every 10 seconds.